 Dungeon Sprint DCSS version 0.17-a0-1748-g222fba8 (webtiles) character file.

1700000 hexophile the Imperceptible (level 15, -25/88 HPs)
             Began as a Spriggan Chaos Knight on Sept 1, 2015.
             Was a Believer of Makhleb.
             Annihilated by a bag of meat
             ... wielding a +9 war axe
              (29 damage)
             ... in the Dungeon (Sprint VIII: "Arena of Blood").
             The game lasted 00:01:15 (17 turns).

hexophile the Imperceptible (Spriggan Chaos Knight)   Turns: 17, Time: 00:01:15

Health: -25/88     AC:  5    Str:  8    XL:     15   Next: 59%
Magic:  4/39       EV: 39    Int: 15    God:    Makhleb [**....]
Gold:   0          SH:  0    Dex: 21    Spells: 0 memorised, 52 levels left

rFire  . . .     SeeInvis +     i - +∞ Axe of Woe
rCold  . . .     Clarity  .     a - +2 robe
rNeg   . . .     SustAt   .     (shield restricted)
rPois  .         Gourm    .     (helmet restricted)
rElec  .         Spirit   .     (no cloak)
rCorr  .         Warding  .     (gloves unavailable)
rMut   .         NoTele   +     (boots unavailable)
MR     ++...                    (no amulet)
Stlth  +++++++++.               (no ring)
                                (no ring)

@: very quick, very resistant to hostile enchantments, incredibly stealthy
A: unfitting armour, see invisible, herbivore 3, speed 3, slow metabolism 2
a: Minor Destruction, Renounce Religion


You were in the Dungeon.
You worshipped Makhleb.
Makhleb was pleased with you.
You were not hungry.

You visited 1 branch

Inventory:

Hand weapons
 i - the +∞ Axe of Woe (weapon)
   (You found it in the Dungeon)
Armour
 a - a +2 robe (worn)
Scrolls
 h - a scroll of blinking
Potions
 c - a potion of curing
 d - a potion of heal wounds
 e - a potion of haste
 f - 2 potions of magic
 g - a potion of berserk rage
Comestibles
 b - a bread ration


   Skills:
 + Level 14.3 Fighting
 + Level 14.2 Axes
 + Level 17.7 Throwing
 + Level 13.2 Armour
 + Level 22.1 Dodging
 + Level 23.5 Stealth
 + Level 14.4 Unarmed Combat
 + Level 19.1 Spellcasting


You had 52 spell levels left.
You didn't know any spells.

Dungeon Overview and Level Annotations

Branches:
Dungeon (1/1)

Altars:
Makhleb


Innate Abilities, Weirdness & Mutations

You are tiny and cannot use many weapons and most armour.
You have supernaturally acute eyesight.
You are a herbivore.
You cover ground extremely quickly.
You need consume almost no food.


Message History

Your Unarmed Combat skill increases to level 14!
Your Spellcasting skill increases to level 19!
You hear a shout! x4
A meat berserker comes into view. It is wielding a +9 battleaxe.
Unknown command.
Unknown command.
Unknown command.
Unknown command.
Unknown command. 2 orcs come into view.
The bag of meat appears out of thin air!
A bag of meat comes into view. It is wielding a +9 war axe.
You hear a shout! x4
The bag of meat hits you with a +9 war axe.
You hear a shout! x2
The bag of meat hits you with a +9 war axe!!
* * * LOW HITPOINT WARNING * * *
The bag of meat hits you with a +9 war axe!!
You die...
Xom giggles madly!

.oo.... ..
.####.....##o# .
#...............
#.........o#.#.
#....o......... .
#....oooo.....
.o.#...oo.......
.......o@........
........o.......
.......#)......#
.#.....#o......#
.....###.......###.
...O......###......
..#........_.......
#.......#)O...#....
.......#_.<._# .


You could see 2 meat berserkers and 15 bags of meat.

Vanquished Creatures
  2 ogres (D)
  3 orcs (D)
5 creatures vanquished.

Notes
Turn   | Place    | Note
--------------------------------------------------------------
     0 | D        | hexophile the Spriggan Chaos Knight began the quest for the Orb.
     0 | D        | Reached XP level 1. HP: 11/11 MP: 2/2
     3 | D        | Noticed a meat berserker
     3 | D        | Fell from the grace of Xom
     3 | D        | Became a worshipper of Makhleb the Destroyer
     6 | D        | Killed a meat berserker
     6 | D        | Reached skill level 10 in Fighting
     6 | D        | Reached skill level 10 in Axes
     6 | D        | Reached skill level 13 in Throwing
     6 | D        | Reached skill level 16 in Dodging
     6 | D        | Reached skill level 18 in Stealth
     6 | D        | Reached skill level 10 in Unarmed Combat
     6 | D        | Reached XP level 2. HP: 13/25 MP: 2/18
     6 | D        | Reached XP level 3. HP: 15/29 MP: 2/19
     6 | D        | Reached XP level 4. HP: 17/34 MP: 2/21
     6 | D        | Reached XP level 5. HP: 18/37 MP: 2/22
     6 | D        | Reached XP level 6. HP: 20/42 MP: 2/24
     6 | D        | Reached XP level 7. HP: 21/46 MP: 2/25
     6 | D        | Reached XP level 8. HP: 23/51 MP: 2/27
     6 | D        | Reached XP level 9. HP: 24/55 MP: 2/28
     6 | D        | Reached XP level 10. HP: 26/60 MP: 2/29
     6 | D        | Reached XP level 11. HP: 27/64 MP: 2/30
     6 | D        | Reached XP level 12. HP: 29/69 MP: 2/31
     6 | D        | Reached XP level 13. HP: 30/73 MP: 2/32
     7 | D        | Noticed a bag of meat
     7 | D        | Noticed a bag of meat
     7 | D        | Noticed a bag of meat
     9 | D        | Noticed a bag of meat
    10 | D        | Noticed a bag of meat
    10 | D        | Noticed a bag of meat
    10 | D        | Noticed a meat berserker
    11 | D        | Killed a bag of meat
    11 | D        | Acquired Makhleb's first power
    11 | D        | Reached skill level 10 in Armour
    11 | D        | Reached skill level 19 in Stealth
    11 | D        | Reached skill level 15 in Spellcasting
    12 | D        | Noticed a bag of meat
    12 | D        | Noticed a bag of meat
    12 | D        | Noticed a bag of meat
    12 | D        | Noticed a bag of meat
    13 | D        | Noticed a bag of meat
    13 | D        | Noticed a bag of meat
    13 | D        | Noticed a bag of meat
    13 | D        | Noticed a bag of meat
    14 | D        | Killed a meat berserker
    14 | D        | Reached skill level 20 in Dodging
    14 | D        | Reached skill level 21 in Stealth
    14 | D        | Reached XP level 14. HP: 33/82 MP: 3/36
    15 | D        | Killed a bag of meat
    15 | D        | Acquired Makhleb's second power
    15 | D        | Reached skill level 22 in Stealth
    15 | D        | Reached XP level 15. HP: 34/87 MP: 3/38
    16 | D        | Noticed a bag of meat
    16 | D        | Killed a bag of meat
    16 | D        | Reached skill level 23 in Stealth
    17 | D        | Noticed a meat berserker
    17 | D        | Noticed a bag of meat
    17 | D        | Noticed a bag of meat
    17 | D        | HP: 4/88 [bag of meat/+9 war axe (28)]
    17 | D        | Annihilated by a bag of meat

Vault maps used:
D:        meatsprint

Action                   |  1- 3 |  4- 6 |  7- 9 | 10-12 | 13-15 || total
-------------------------+-------+-------+-------+-------+-------++-------
Melee: Broad axe         |     1 |       |       |       |     4 ||     5
 Stab: Distracted        |       |       |       |       |     1 ||     1
